AoeStats
← FlyingWhale

Black Forest

505150823Analyzed
2v2 RM · 23d ago on Sep 8, 2026· 60m 10s· 4 players
Game mode
Random Map
Map size
Medium (4 player)
Population
200
Speed
Normal
Resources
Standard
Victory
Conquest
Starting age
Dark Age
Ending age
Imperial Age
RankedLock teamsTeams togetherTeam positionsShared explorationLock speedFull tech treeHidden civsTurbo modeCheats
Victory
Defeat
🇨🇱 Bulgarians · Chile
944
+18
🇨🇱 Cumans · Chile
941
+18
🇧🇷 Britons · Brazil
1020
-20
🇦🇹 Bohemians · Austria
938
-16
El Jhon Wick
10:18 Feudal Age
12:07 Scale Mail Armor
12:51 Arson
13:54 Forging
14:23 Loom
22:41 Castle Age
20:48 Gold Mining
22:12 Stone Mining
22:50 Scale Barding Armor
24:15 Iron Casting
24:02 Chain Barding Armor
24:00 Gambesons
eL_MataTan
0:28 Loom
11:06 Feudal Age
11:50 Double-Bit Axe
14:13 Man-at-Arms
23:50 Horse Collar
28:36 Castle Age
27:14 Wheelbarrow
26:36 Gold Mining
29:13 Forging
29:09 Scale Barding Armor
29:25 Heavy Plow
30:30 Wheelbarrow
31:27 Bloodlines
32:02 Chain Barding Armor
32:17 Iron Casting
31:28 Elite Skirmisher
32:17 Town Watch
35:19 Bow Saw
35:49 Fletching
35:59 Padded Archer Armor
39:24 Ballistics
42:06 Imperial Age
40:40 Hand Cart
40:45 Leather Archer Armor
41:16 Bodkin Arrow
41:43 Stone Mining
42:28 Gold Shaft Mining
42:14 Masonry
43:54 Chemistry
44:34 Crop Rotation
44:36 Ring Archer Armor
43:36 Cavalier
45:20 Plate Barding Armor
45:36 Thumb Ring
45:42 Onager
47:11 Siege Onager
49:30 Conscription
49:58 Paladin
51:16 Iron Casting
53:52 Blast Furnace
54:14 Two-Man Saw
57:07 Capped Ram
philippe.kiko33
3:16 Loom
10:25 Feudal Age
11:58 Wheelbarrow
11:40 Double-Bit Axe
12:14 Gold Mining
20:33 Town Watch
21:29 Horse Collar
22:13 Fletching
22:24 Padded Archer Armor
30:31 Castle Age
FlyingWhale
5:35 Loom
11:40 Feudal Age
13:00 Wheelbarrow
12:28 Double-Bit Axe
17:17 Castle Age
18:20 Hand Cart
18:17 Bow Saw
19:19 Scale Barding Armor
44:37 Horse Collar
51:33 Chain Barding Armor
51:24 Forging
54:02 Imperial Age
51:39 Husbandry
51:01 Light Cavalry
56:45 Elite Hussite Wagon
Connection lost

Rejoining the realm…

Still unreachable

The connection could not be restored.

Session expired

The server has moved on; the page needs a fresh start.